 Dungeon Crawl Stone Soup version 0.29-a0-8-g0446c0dae4 (webtiles) character file.

Game seed: 11067910455776272022

4 testman the Chopper (level 1, -3/20 HPs)
             Began as a Hill Orc Monk on Jan 27, 2022.
             Slain by a gnoll (9 damage)
             ... on level 1 of the Dungeon.
             The game lasted 00:00:44 (237 turns).

testman the Chopper (Hill Orc Monk)                  Turns: 237, Time: 00:00:45

Health: -3/20      AC:  2    Str: 13    XL:     1   Next: 70%
Magic:  1/1        EV: 12    Int: 10    God:
Gold:   14         SH:  0    Dex: 13    Spells: 0/0 levels left

rFire   . . .      SeeInvis .   a - +0 hand axe
rCold   . . .      Faith    .   (no shield)
rNeg    . . .      Spirit   .   b - +0 robe
rPois   .          Reflect  .   (no helmet)
rElec   .          Harm     .   (no cloak)
rCorr   .          Rampage  .   (no gloves)
Will    .....                   (no boots)
Stlth   ++........              (no amulet)
HPRegen 0.06/turn               (no ring)
MPRegen 0.07/turn               (no ring)

@: no status effects
A: no striking features
a: no special abilities


You were on level 1 of the Dungeon.
You visited 1 branch of the dungeon, and saw 1 of its levels.

You collected 14 gold pieces.

Inventory:

Hand Weapons
 a - a +0 hand axe (weapon)
Armour
 b - a +0 robe (worn)
 f - a +0 plate armour
Jewellery
 d - an amulet of regeneration
Potions
 c - a potion of mutation {unknown}
 e - 2 potions of might {unknown}


   Skills:
 + Level 3.8 Fighting
 + Level 4.2 Axes
 - Level 2.4 Dodging
 - Level 1.5 Stealth


You couldn't memorise any spells.
You didn't know any spells.
Your spell library was empty.

Dungeon Overview and Level Annotations

Branches:
Dungeon (1/15)

Altars:


Message History

You hit the jackal.
You kill the jackal!
No target in view!
HP restored.
Found a plate armour.
e - a fizzy blue potion
Found a fizzy blue potion.
You see here a +0 plate armour.
e - 2 fizzy blue potions (gained 1)
You see here a +0 plate armour.
Okay, then.
You start removing your armour.
You continue taking off your +0 robe. x4
You finish taking off your +0 robe.
You start putting on your armour.
You continue putting on your +0 plate armour. x5
You finish putting on your +0 plate armour.
You start removing your armour.
You continue taking off your +0 plate armour. x4
You finish taking off your +0 plate armour.
You start putting on your armour.
You continue putting on your +0 robe. x5
You finish putting on your +0 robe.
A gnoll comes into view. It is wielding a +0 flail.
The gnoll shouts!
Found 9 gold pieces.
You hit the gnoll but do no damage. The gnoll misses you.
The gnoll barely misses you.
You hit the gnoll.
The gnoll is heavily wounded.
The gnoll hits you with a +0 flail.
You hit the gnoll.
The gnoll is severely wounded.
The gnoll hits you with a +0 flail!
* * * LOW HITPOINT WARNING * * *
You are too injured to fight recklessly!
You are too injured to fight recklessly!
You are too injured to fight recklessly!
You hit the gnoll.
The gnoll is almost dead.
The gnoll hits you with a +0 flail!
You die...

#..##..##..)[##.####
#># #.####.#....#...
### ### #####..#.##
####$ ##.#... ...
#.#### ... #.#... #.#
#.#.## # #g# #..... #.
#@# ###.## #.. #.#
#.## #...#.#######
#...
#...........#######.#.
#..##.###...........#.
#. #.###.#.####......
# #.##....# #.##†#.
#.......####.##.#.
####..............


You could see a gnoll.

Vanquished Creatures
  2 jackals (D:1)
  A bat (D:1)
  A goblin (D:1)
  A rat (D:1)
5 creatures vanquished.

Notes
Turn   | Place    | Note
-------+----------+-------------------------------------------
     0 | D:1      | testman the Hill Orc Monk began the quest for the Orb.
     0 | D:1      | Reached XP level 1. HP: 19/19 MP: 1/1
   237 | D:1      | Slain by a gnoll

Illustrated notes

Levels and vault maps discovered:
D:1:      minmay_arrival_jagged, layout_loops_ring,
          ebering_ecumenical_altar_webs, roderic_roman_lattice,
          nicolae_shop_unique_rings, amcnicky_mini_rare_corridor_liquid,
          chequers_decorated_corner, minivault_27

Action                   || total
-------------------------++-------
Melee: Hand axe          ||    15
 Stab: Sleeping          ||     1
Armor: Robe              ||     4
Dodge: Dodged            ||     5

Table legend: (Time is in decaauts)
 A = Elapsed time spent in this place.
 B = Non-inter-level travel time spent in this place.
 C = Inter-level travel time spent in this place.
 D = Time resting spent in this place.
 E = Time spent auto-exploring this place.
 F = Levels seen in this place.
 G = Mean time per level.
                   A        B        C        D        E       F      G
               +--------+--------+--------+--------+--------+-----+--------+
         Total |    238 |    238 |      0 |      0 |    162 |   1 |  238.0 |
       Dungeon |    238 |    238 |      0 |      0 |    162 |   1 |  238.0 |
               +--------+--------+--------+--------+--------+-----+--------+

Top non-repeatable levels by time:
     D:1: 238 daAuts
